 Dungeon Crawl Stone Soup version 0.21-a0-13-g3fd62ac (webtiles) character file.

134 JorJi the Vexing (level 4, 0/24 HPs)
             Began as a Deep Elf Arcane Marksman on May 23, 2017.
             Slain by a hound (5 damage)
             ... on level 4 of the Dungeon.
             The game lasted 00:33:39 (2735 turns).

JorJi the Vexing (Deep Elf Arcane Marksman)         Turns: 2735, Time: 00:33:40

Health: 0/24       AC:  4    Str:  7    XL:     4   Next: 95%
Magic:  9/10       EV: 14    Int: 18    God:
Gold:   193        SH:  0    Dex: 16    Spells: 1/8 levels left

rFire    . . .     SeeInvis .   a - +0 shortbow
rCold    . . .     Gourm    .   (shield currently unavailable)
rNeg     . . .     Faith    .   m - +1 leather armour
rPois    .         Spirit   .   (no helmet)
rElec    .         Reflect  .   (no cloak)
rCorr    .         Harm     .   (no gloves)
MR       .....                  (no boots)
Stlth    ++........             (no amulet)
Regen    0.1/turn               h - ring of stealth
MPRegen  0.2/turn               (no ring)

@: no status effects
A: no striking features
a: no special abilities


You were on level 4 of the Dungeon.
You were not hungry.

You visited 1 branch of the dungeon, and saw 4 of its levels.

You collected 193 gold pieces.

Inventory:

Hand Weapons
 a - a +0 shortbow (weapon)
 g - a +2 short sword of speed
Missiles
 d - 6 arrows (quivered)
Armour
 e - a +0 robe
 m - a +1 leather armour (worn)
Jewellery
 h - a ring of stealth (left hand)
Scrolls
 j - a scroll of enchant armour
 k - 5 scrolls of identify
 l - 4 scrolls of remove curse
 n - 2 scrolls of magic mapping {unknown}
 r - a scroll of recharging {unknown}
 s - a scroll of noise {unknown}
 u - a scroll of fog {unknown}
 v - a scroll of blinking {unknown}
Potions
 p - a potion of berserk rage
 q - a potion of flight {unknown}
 w - a potion of heal wounds {unknown}
 x - a potion of curing {unknown}
Books
 c - a book of Debilitation

   Spells                             Type                      Level
   a - Corona                         Hexes                        1
   b - Slow                           Hexes                        2
   c - Inner Flame                    Hexes/Fire                   3
   d - Portal Projectile              Hexes/Translocation          3
   e - Cause Fear                     Hexes                        4
   f - Leda's Liquefaction            Hexes/Earth                  4
 t - a book of Changes

   Spells                             Type                      Level
   a - Beastly Appendage              Transmutation                1
   b - Sticks to Snakes               Transmutation                2
   c - Spider Form                    Transmutation/Poison         3
   d - Ice Form                       Ice/Transmutation            4
   e - Blade Hands                    Transmutation                5
Comestibles
 b - a chunk of flesh
 f - 3 bread rations
 i - 4 fruits
 o - a royal jelly


   Skills:
 - Level 0.7 Fighting
 * Level 3.4 Bows
 * Level 4.3 Dodging
 + Level 2.9 Spellcasting
 + Level 4.7 Hexes


You had one spell level left.
You knew the following spells:

 Your Spells              Type           Power        Failure   Level  Hunger
a - Corona                Hex            ###....      3%          1    None
b - Portal Projectile     Hex/Tloc       ##....       28%         3    ###....
c - Inner Flame           Hex/Fire       ##......     28%         3    ###....


Dungeon Overview and Level Annotations

Branches:
Dungeon (4/15)
 Temple: D:4-7

Altars:
Dithmenos

Annotations:
D:3 Ijyb


Message History

Aiming: Corona
Press: ? - help, Shift-Dir - straight line, f/p - hound
Aim: a hound (heavily wounded, chance to defeat MR: 66%)
The hound is outlined in light.
The hound misses you. The hound bites you.
* * * LOW HITPOINT WARNING * * *
Firing (i - inventory):
d - 8 arrows (quivered)
Press: ? - help, Shift-Dir - straight line, f/p - hound
Aim: a hound (heavily wounded, softly glowing)
You shoot an arrow. The arrow hits the hound.
The hound is heavily wounded.
The hound bites you.
* * * LOW HITPOINT WARNING * * *
The hound barely misses you.
Firing (i - inventory):
d - 7 arrows (quivered)
Press: ? - help, Shift-Dir - straight line, f/p - hound
Aim: a hound (heavily wounded, softly glowing)
You shoot an arrow. The arrow hits the hound.
The hound is almost dead.
The hound bites you.
You die...

.)##(.$.. # #...(...#
# #.#..#.#..#
#.#?#..#.#..#
......(...# .......
############.#h##.#♣♣
#.............@..§♣P♣
###.#########..##P§§♣
#.##.........##♣.♣♣
#.##.#######.#.P♣.♣
#.##.# #.♣P..♣
#.##.#######..♣PP♣
#.##.........♣.♣♣.♣
#.##.#.....#...P.♣
###.##.#.....#.#..♣♣


You could see a hound.

Vanquished Creatures
  Terence (D:2)
  3 adders
  2 oozes
  2 worms (D:2)
  2 dart slugs
  4 leopard geckos
  5 giant cockroaches
  9 hobgoblins
  3 jackals (D:3)
  5 kobolds
  2 quokkas
  10 bats
  5 frilled lizards
  3 goblins
  4 rats
60 creatures vanquished.

Notes
Turn   | Place    | Note
-------+----------+-------------------------------------------
     0 | D:1      | JorJi the Deep Elf Arcane Marksman began the quest for the Orb.
     0 | D:1      | Reached XP level 1. HP: 11/11 MP: 5/5
   139 | D:1      | Reached XP level 2. HP: 16/16 MP: 4/6
   511 | D:1      | Reached XP level 3. HP: 20/20 MP: 8/8
   825 | D:2      | Found a shadowy altar of Dithmenos.
   971 | D:2      | Noticed Terence
   991 | D:2      | HP: 1/20 [Terence/short sword of speed (3)]
   996 | D:2      | Killed Terence
   996 | D:2      | Reached XP level 4. HP: 1/24 MP: 9/9
  1896 | D:3      | Learned a level 3 spell: Portal Projectile
  1900 | D:3      | Learned a level 3 spell: Inner Flame
  1917 | D:3      | Found a shadowy altar of Dithmenos.
  1988 | D:3      | Noticed Ijyb
  2735 | D:4      | Slain by a hound

Vault maps used:
D:1:      ncdulo_wetmaze
D:2:      grunt_dithmenos_smoke_and_mirrors, uniq_terence
D:3:      gammafunk_temple_overflow_arena, kennysheep_generic_room_9, uniq_ijyb
D:4:      wad_woods_stonehenge, gammafunk_temple_overflow_claw, first_bread,
          uniq_blork_the_orc, uniq_sigmund

Skill      XL: |  1  2  3  4 |
---------------+-------------+-----
Dodging        | 3 4 |  4.3
Spellcasting   | 2 |  2.9
Bows           | 3 |  3.4
Fighting       | |  0.7
Hexes          | |  4.7

Action                   |  1- 3 |  4- 6 || total
-------------------------+-------+-------++-------
Melee: Short sword       |       |    17 ||    17
 Fire: Shortbow          |   102 |   108 ||   210
 Cast: Corona            |    16 |    13 ||    29
  Use: Scroll            |     3 |       ||     3
  Eat: Chunk             |       |     6 ||     6
Armor: Robe              |     8 |       ||     8
       Leather armour    |     3 |    17 ||    20
Dodge: Dodged            |    41 |    72 ||   113
